 Dungeon Sprint DCSS version 0.30-a0-622-gddc90eaa04 (webtiles) character file.

Game seed: 6735847361993073724

3167 Darkkill the Fighter (level 9, -5/94 HPs)
             Began as a Minotaur Monk on Jan 10, 2023.
             Was an Initiate of Gozag.
             Succumbed to a cane toad's poison
             ... in the Dungeon (Sprint VII: "The Pits").
             The game lasted 00:04:54 (1197 turns).

Darkkill the Fighter (Minotaur Monk)                Turns: 1197, Time: 00:04:55

Health: -5/94      AC: 10    Str: 24    XL:     9   Next: 63%
Magic:  2/2        EV: 17    Int:  7    God:    Gozag
Gold:   442        SH:  0    Dex: 15    Spells: 8/8 levels left

rFire   . . .      SeeInvis .    p - +5 spear "Jellybane" {antimagic, Will+}
rCold   . . .      Faith    .    (no shield)
rNeg    . . .      Spirit   .    r - +5 ring mail
rPois   .          Reflect  .    (helmet restricted)
rElec   .          Harm     .    (no cloak)
rCorr   .          Rampage  .    (no gloves)
Will    +....      NoTele   +    (no boots)
Stlth   ++++                     (no amulet)
HPRegen 0.35/turn                e - +3 ring of dexterity
MPRegen 0.08/turn                m - +3 ring of strength

@: lethally poisoned (-5 -> -28), gold aura, on berserk cooldown, slowed, very
slow
A: horns 2, retaliatory headbutt
a: Renounce Religion, Potion Petition, Call Merchant, Bribe Branch


You were in the Dungeon.
You worshipped Gozag.
Gozag was aware of your devotion.
You visited 1 branch You collected 2133 gold pieces.
You spent 512 gold pieces at shops.
You paid 1179 gold pieces to Gozag.

Inventory:

Hand Weapons
 p - the +5 spear "Jellybane" (weapon) {antimagic, Will+}
   (You bought it in a shop in the Dungeon)

   Will:      It increases your willpower.
Missiles
 k - 15 stones (quivered)
 o - a boomerang
Armour
 r - a +5 ring mail (worn)
Jewellery
 e - a +3 ring of dexterity (left hand)
 m - a +3 ring of strength (right hand)
Wands
 b - a wand of flame (18)
Scrolls
 l - 5 scrolls of amnesia
Potions
 a - 2 potions of invisibility
 c - a potion of ambrosia
 f - 3 potions of haste
 g - 4 potions of magic
 h - 2 potions of berserk rage
 q - a potion of might


   Skills:
 + Level 13.8 Fighting
 + Level 13.8 Long Blades
 + Level 12.8 Dodging
 + Level 10.6 Stealth


You had 8 spell levels left.
You didn't know any spells.
Your spell library was empty.

Dungeon Overview and Level Annotations

Branches:
Dungeon (1/1)

Altars:
Ashenzari
Cheibriados
Dithmenos
Elyvilon
Fedhas
Gozag
Hepliaklqana
Kikubaaqudgha
Makhleb
Nemelex Xobeh
Okawaru
Qazlal
Ru
Sif Muna
Trog
Uskayaw
Vehumet
Wu Jian
Xom
Yredelemnul
Zin
The Shining One
Jiyva
Lugonu

Shops:
D ((


Innate Abilities, Weirdness & Mutations

You have a pair of horns on your head.
You reflexively headbutt those who attack you in melee.


Message History

You closely miss the tyrant leech. Your headbutt misses the tyrant leech.
The tyrant leech is almost dead.
The cane toad stings you!
You are poisoned.
The cane toad poisons you!
The demonic crawler hits you but does no damage.
The demonic crawler hits you. The demonic crawler closely misses you.
You closely miss the tyrant leech. Your headbutt misses the tyrant leech.
The tyrant leech is almost dead.
You feel very sick. The cane toad completely misses you.
The demonic crawler completely misses you.
The demonic crawler barely misses you. x2; The tyrant leech closely misses you.
You furiously retaliate!
You headbutt the tyrant leech. You miss the tyrant leech.
Your headbutt misses the tyrant leech.
The tyrant leech is almost dead.
You feel sick. The cane toad misses you. You furiously retaliate!
You headbutt the cane toad!
The demonic crawler hits you but does no damage.
The demonic crawler hits you. The demonic crawler closely misses you.
You impale the tyrant leech!!
You kill the tyrant leech!
You feel sick. The cane toad stings you! The demonic crawler misses you.
The demonic crawler hits you! The demonic crawler barely misses you.
You feel sick. The cane toad misses you.
The demonic crawler closely misses you. You furiously retaliate!
You headbutt the demonic crawler!
The demonic crawler completely misses you.
The demonic crawler hits you but does no damage.
You see here 171 gold pieces.
You feel a strong urge to attack something.
You feel sick. The cane toad misses you. The demonic crawler misses you.
You furiously retaliate!
You headbutt the demonic crawler!
The demonic crawler completely misses you. x2
There is a large open door here.
You are no longer berserk.
You are exhausted.
You feel yourself slow down.
You feel sick.
The demonic crawler hits you but does no damage.
The demonic crawler barely misses you. The demonic crawler hits you!
There is a large open door, spattered with blood here.
You puncture the demonic crawler!
The demonic crawler is moderately wounded.
You feel very sick. The demonic crawler hits you! x2
* * * LOW HITPOINT WARNING * * *
The demonic crawler misses you.
The cane toad stings you but does no damage.
The demonic crawler closely misses you.
The demonic crawler hits you but does no damage.
The demonic crawler hits you!
* * * LOW HITPOINT WARNING * * *
The cane toad misses you.
You feel better. The demonic crawler closely misses you.
The demonic crawler misses you.
The demonic crawler hits you but does no damage.
The cane toad stings you but does no damage.
The demonic crawler hits you but does no damage.
The demonic crawler barely misses you.
The demonic crawler completely misses you.
You feel better. The cane toad stings you!!
* * * LOW HITPOINT WARNING * * *
The demonic crawler closely misses you. You furiously retaliate!
You headbutt the demonic crawler.
The demonic crawler hits you but does no damage. x2
The cane toad misses you.
The demonic crawler hits you but does no damage.
The demonic crawler hits you.
* * * LOW HITPOINT WARNING * * *
The demonic crawler closely misses you.
Aiming: Paralyse
Press: ? - help, Q - select action, (/) - cycle Shift-Dir - straight line, f - cane toad
Aim: a cane toad (lightly wounded, chance to affect: 49%)
The cane toad resists with some effort.
The now-empty wand crumbles to dust.
The cane toad misses you. You furiously retaliate!
You headbutt the cane toad! The demonic crawler misses you.
The demonic crawler hits you.
* * * LOW HITPOINT WARNING * * *
The demonic crawler barely misses you.
The cane toad stings you but does no damage.
The demonic crawler hits you but does no damage.
The demonic crawler hits you.
* * * LOW HITPOINT WARNING * * *
The demonic crawler hits you.
* * * LOW HITPOINT WARNING * * *
You feel better. The cane toad stings you.
* * * LOW HITPOINT WARNING * * *
You are lethally poisoned!
The cane toad poisons you! The demonic crawler barely misses you.
The demonic crawler closely misses you. x2
The demonic crawler completely misses you.
You furiously retaliate!
You headbutt the demonic crawler! The demonic crawler misses you.
The demonic crawler hits you.
* * * LOW HITPOINT WARNING * * *
The cane toad closely misses you. You furiously retaliate!
You headbutt the cane toad! You hit the cane toad but do no damage.
The cane toad is severely wounded.
You die...
Your body crumbles into a pile of gold.

[[##.......##..∩...#
'###...<...###....## ###
..##.......# ##''## ###..+
..##.......###....###....#
####.......##......#....#
.)###########......'(...+
)############......#....#
)#....#..[[###.$s.###....#
'#....#..[[# ##F@## ###..+
.'....'..))# #....# ###
'#....#.!))##......#
.#....#..))##......#
####################


You could see a demonic crawler and a cane toad.

Vanquished Creatures
  A cyclops (D)
  An orange demon (D)
  A cane toad (D)
  A rime drake (D)
  Grinder (D)
  A tyrant leech (D)
  A jumping spider (D)
  A redback (D)
  A floating eye (D)
  An ogre (D)
  A bullfrog (D)
  A scorpion (D)
  A gnoll sergeant (D)
  A necrophage (D)
  A quasit (D)
  A jelly (D)
  Ijyb (D)
  2 gnolls (D)
  2 river rats (D)
  3 orcs (D)
  A bat (D)
  An endoplasm (D)
  A giant cockroach (D)
  A goblin (D)
  A kobold (D)
  A frilled lizard (D)
  A rat (D)
31 creatures vanquished.

Vanquished Creatures (collateral kills)
  3 blink frogs (D)
  A redback (D)
4 creatures vanquished.

Grand Total: 35 creatures vanquished

Notes
Turn   | Place    | Note
-------+----------+-------------------------------------------
     0 | D        | Darkkill the Minotaur Monk began the quest for the Orb.
     0 | D        | Reached XP level 1. HP: 19/19 MP: 0/0
    27 | D        | Found a bloodstained altar of Trog.
    27 | D        | Found a shimmering blue altar of Sif Muna.
    27 | D        | Found a viscous altar of Jiyva.
    27 | D        | Found a hazy altar of Hepliaklqana.
    27 | D        | Found an opulent altar of Gozag.
    28 | D        | Found a glowing golden altar of the Shining One.
    28 | D        | Found a glowing silver altar of Zin.
    28 | D        | Found a basalt altar of Yredelemnul.
    28 | D        | Found a shimmering altar of Xom.
    28 | D        | Found an ornate altar of the Wu Jian Council.
    28 | D        | Found a sacrificial altar of Ru.
    28 | D        | Found a stormy altar of Qazlal.
    28 | D        | Found an iron altar of Okawaru.
    28 | D        | Found a sparkling altar of Nemelex Xobeh.
    28 | D        | Found a burning altar of Makhleb.
    28 | D        | Found a blossoming altar of Fedhas.
    28 | D        | Found a white marble altar of Elyvilon.
    28 | D        | Found a shadowy altar of Dithmenos.
    28 | D        | Found a snail-covered altar of Cheibriados.
    30 | D        | Found a radiant altar of Vehumet.
    30 | D        | Found a corrupted altar of Lugonu.
    31 | D        | Found a hide-covered altar of Uskayaw.
    31 | D        | Found an ancient bone altar of Kikubaaqudgha.
    31 | D        | Found a broken altar of Ashenzari.
    35 | D        | Became a worshipper of Gozag Ym Sagoz the Greedy
    80 | D        | Reached XP level 2. HP: 18/28 MP: 1/1
   136 | D        | Noticed a scorpion
   151 | D        | Reached skill level 5 in Fighting
   151 | D        | Reached skill level 5 in Long Blades
   151 | D        | Reached skill level 5 in Dodging
   151 | D        | Reached XP level 3. HP: 35/37 MP: 2/2
   156 | D        | Killed a scorpion
   157 | D        | Reached XP level 4. HP: 38/45 MP: 3/3
   253 | D        | Noticed Grinder
   253 | D        | Noticed a necrophage
   261 | D        | Killed a necrophage
   262 | D        | Reached skill level 5 in Stealth
   262 | D        | Reached XP level 5. HP: 52/52 MP: 4/4
   263 | D        | Noticed an ogre
   274 | D        | Killed an ogre
   275 | D        | Reached XP level 6. HP: 24/62 MP: 5/5
   281 | D        | Paralysed by Grinder for 3 turns
   303 | D        | Killed Grinder
   424 | D        | Bought a masterwork spear for 256 gold pieces
   424 | D        | Identified the +5 spear "Jellybane" {antimagic, Will+} (You
                  | bought it in a shop in the Dungeon)
   446 | D        | Bought a fine hand axe for 256 gold pieces
   446 | D        | Identified the +4 hand axe of the Bespelling Owl {flame,
                  | Int+3} (You bought it in a shop in the Dungeon)
   451 | D        | Noticed a rime drake
   464 | D        | Killed a rime drake
   465 | D        | Reached skill level 10 in Fighting
   465 | D        | Reached skill level 10 in Long Blades
   465 | D        | Reached XP level 7. HP: 38/73 MP: 2/6
   468 | D        | Noticed Ijyb
   473 | D        | HP: 14/73 [gnoll sergeant/+2 heavy spear (9)]
   477 | D        | HP: 3/73 [gnoll sergeant/+2 heavy spear (4)]
   496 | D        | Killed Ijyb
   497 | D        | Reached skill level 10 in Dodging
   539 | D        | Noticed a blink frog
   539 | D        | Noticed a blink frog
   539 | D        | Noticed a blink frog
   539 | D        | Noticed a redback
   554 | D        | Killed a redback
   555 | D        | Reached XP level 8. HP: 48/82 MP: 2/7
   561 | D        | Killed a blink frog
   578 | D        | Killed a blink frog
   581 | D        | Killed a blink frog
   799 | D        | Noticed a cane toad
   833 | D        | Killed a cane toad
   834 | D        | Reached XP level 9. HP: 50/92 MP: 2/8
   961 | D        | Noticed a cyclops
   961 | D        | Noticed an orange demon
   975 | D        | Killed an orange demon
   976 | D        | Reached skill level 10 in Stealth
   978 | D        | Killed a cyclops
  1177 | D        | Noticed a tyrant leech
  1177 | D        | Noticed a cane toad
  1177 | D        | Noticed a demonic crawler
  1188 | D        | Killed a tyrant leech
  1192 | D        | HP: 14/94 [demonic crawler (9)]
  1196 | D        | HP: 3/94 [demonic crawler (4)]
  1197 | D        | Succumbed to a cane toad's poison

Illustrated notes

Levels and vault maps discovered:
D:        pitsprint [storerooms_1, entrance_room_1, metal_vault_2, armoury_3,
          mini_pit_1, grid_room_1, main_hall_1, silver_pit, the_coven_3,
          the_vestibule_1, steel_vault_4, golden_pit, hallway_of_sentries,
          crystal_vault_3, iron_vault_4, final_vault]

Skill      XL: |  1  2  3  4  5  6  7  8  9 |
---------------+----------------------------+-----
Fighting       | 4 5 6 7 8 10 11 12 13 | 13.8
Long Blades    | 4 5 6 7 8 10 11 12 13 | 13.8
Stealth        | 2 3 4 5 7 8 9 10 | 10.6
Dodging        | 4 5 6 7 9 10 11 12 | 12.8

Action                   |  1- 3 |  4- 6 |  7- 9 || total
-------------------------+-------+-------+-------++-------
Melee: Quarterstaff      |    20 |    27 |       ||    47
       Headbutt          |     2 |     9 |    18 ||    29
       Spear             |       |    12 |    71 ||    83
       Punch             |       |     1 |     3 ||     4
Invok: Call Merchant     |       |     1 |     1 ||     2
Evoke: Wand              |       |       |     1 ||     1
  Use: Potion            |       |     3 |    18 ||    21
       Scroll            |       |       |     2 ||     2
 Stab: Distracted        |       |       |     1 ||     1
Armor: Robe              |    10 |       |       ||    10
       Chain mail        |       |    18 |    20 ||    38
       Ring mail         |       |       |    28 ||    28
Dodge: Dodged            |    34 |    18 |   106 ||   158

Table legend: (Time is in decaauts)
 A = Elapsed time spent in this place.
 B = Non-inter-level travel time spent in this place.
 C = Inter-level travel time spent in this place.
 D = Time resting spent in this place.
 E = Time spent auto-exploring this place.
 F = Levels seen in this place.
 G = Mean time per level.
                   A        B        C        D        E       F      G
               +--------+--------+--------+--------+--------+-----+--------+
         Total |   1233 |   1168 |     65 |    535 |      5 |   1 | 1233.0 |
       Dungeon |   1233 |   1168 |     65 |    535 |      5 |   1 | 1233.0 |
               +--------+--------+--------+--------+--------+-----+--------+

Top non-repeatable levels by time:
       D: 1233 daAuts

Table legend:
 A = Kills in this place as a percentage of kills in entire the game.
 B = Kills by you in this place as a percentage of kills by you in the entire game.
 C = Kills by friends in this place as a percentage of kills by friends in the entire game.
 D = Other kills in this place as a percentage of other kills in the entire game.
 E = Experience gained in this place as a percentage of experience gained in the entire game.
 F = Experience gained in this place divided by the number of levels of this place that you have seen.
                   A       B       C       D       E      F
               +-------+-------+-------+-------+-------+----------------------
         Total | 100.0 | 100.0 | 100.0 |   N/A | 100.0 | 4525.0
       Dungeon | 100.0 | 100.0 | 100.0 |   N/A | 100.0 | 4525.0
               +-------+-------+-------+-------+-------+----------------------
